amy, neutral female human Ranger ----------- |.........| |.........| -------------- -------- |.........| |............| |..{..>| |.........| #-............-####.......| |@........| ###-------------- # |......| ##T.........| # +......| # --------.-- ### -------- #h# # # # #D# # # # # # ------------- #######))#############[################............| # # # # # # |...........| -------- ### -|-.-|- # ##............| |......| # # |.....-#### -----# # |...........| |......| ### ----- |.....| # |....# ### |...........-####[...).(.| # |...| |.....| ###|...| # |...........| |......| ##-`... |.....| #.....#### ------------- -------- ----- ------- --.-- amy the Reconnoiteress Experience level: 10 Strength: 18 Dexterity: 16 Constitution: 17 Intelligence: 13 Wisdom: 15 Charisma: 7 Health: 0(70) Energy: 53(53) Def: 11 Gold: 2560 Moves: 15944 Dungeon seed: ohpRNpjeNdJWFFLk Game ID: amy_1466680440 Your Inventory: Coins $ - 2560 gold pieces Amulets U - an uncursed amulet of ESP (being worn) Weapons a - an uncursed +2 bow (weapon in hand) c - 58 uncursed +2 arrows d - 12 uncursed +0 arrows y - 7 uncursed +0 elven arrows I - a blessed +1 dagger K - 5 blessed +0 arrows O - 128 uncursed +0 arrows (in quiver) W - 13 blessed +1 arrows Armor e - an uncursed +2 cloak of displacement (being worn) q - an uncursed +0 dwarvish mithril-coat (being worn) z - an uncursed +0 dwarvish iron helm (being worn) N - an uncursed burnt +0 pair of jumping boots (being worn) Comestibles r - an uncursed lizard corpse D - 2 uncursed eggs F - 2 uncursed sprigs of wolfsbane Scrolls s - an uncursed scroll of taming x - an uncursed scroll of confuse monster Potions h - a blessed potion of oil l - an uncursed potion of hallucination p - an uncursed potion of water u - an uncursed potion of gain energy Rings J - an uncursed +2 ring of gain strength named ok (on left hand) R - a cursed -1 ring of increase accuracy Wands f - an uncursed wand of secret door detection (0:10) g - an uncursed wand of slow monster (0:3) i - an uncursed wand of magic missile (0:4) m - an uncursed wand of enlightenment (0:9) t - an uncursed wand of teleportation (0:4) v - an uncursed wand of undead turning (0:5) A - an uncursed wand of make invisible (0:4) E - an uncursed wand of enlightenment (0:8) G - an uncursed wand of make invisible (0:5) H - an uncursed wand of magic missile (0:4) Z - an uncursed wand of light (0:11) Tools b - an uncursed greased bag of holding k - an uncursed skeleton key o - an uncursed oil lamp (0:316) w - an uncursed can of grease (0:5) Y - an uncursed stethoscope Gems n - an uncursed luckstone named ok Contents of the bag of holding: an uncursed scroll of create monster an uncursed scroll of enchant armor a cursed scroll of enchant weapon an uncursed scroll of light 2 cursed scrolls of remove curse a blessed scroll of remove curse named ok an uncursed scroll of stinking cloud a blessed scroll of teleportation an uncursed potion of blindness 2 uncursed potions of booze an uncursed potion of fruit juice a cursed potion of full healing an uncursed potion of gain ability 2 uncursed potions of hallucination an uncursed potion of healing a cursed potion of invisibility 2 uncursed potions of levitation a blessed potion of paralysis a cursed potion of restore ability a cursed potion of sickness a blessed potion of speed an uncursed potion of water Spells and supernatural/magical abilities: Name Level Category Fail Memory W - pray for help -- divine ? -- Y - supernatural jump -- ability ? -- Your skills at the end: Miscellaneous Skills wands [Basic] Weapon Skills dagger [Basic] bow [Expert] Spellcasting Skills Final Attributes: You were fervently aligned. You were fire resistant. You were poison resistant. You were telepathic. You had automatic searching. You were displaced. You were stealthy. You could jump. You were lucky. You had extra luck. Bad luck did not time out for you. Good luck did not time out for you. You are dead. Vanquished creatures: a giant mimic a large mimic a baby long worm a baby purple worm 2 long worms a warg 2 xans a quantum mechanic 2 trolls a sasquatch a wood golem a shocking sphere a tiger a gargoyle a gelatinous cube a mountain centaur an elf mummy a wraith a leather golem a Grey-elf 3 giant beetles 2 cockatrices 3 winter wolf cubs 8 leprechauns a quivering blob 2 lizards 3 giant spiders a horse a black light a gnome king a dwarf mummy 3 yetis a gold golem a Green-elf 5 chickatrices 2 housecats a jaguar 2 blue jellies a dust vortex 2 snakes 3 soldier ants 5 fire ants 10 bugbears an imp a wood nymph 5 Mordor orcs 8 Uruk-hai an orc shaman 3 rock moles 2 rock piercers a yellow light 2 shriekers 2 violet fungi 10 gnome lords 2 gnomish wizards a kobold mummy a guardian naga hatchling 2 gray oozes a barrow wight 2 ghouls 2 straw golems 4 giant ants 4 floating eyes a kitten 14 dwarves 3 homunculi 4 kobold lords 7 iguanas 14 hill orcs 3 rothes 2 rabid rats a monkey 2 wererats 3 coyotes 4 gas spores 2 hobbits an acid blob 3 large kobolds 10 geckos 11 hobgoblins 10 giant rats 3 cave spiders 2 yellow molds 4 green molds 2 red molds 27 gnomes 5 gnome zombies 14 jackals 3 kobolds 11 newts 6 goblins 6 sewer rats 10 grid bugs 5 lichens a kobold zombie 334 creatures vanquished. Voluntary challenges: You had followed a strict vegan diet until turn 2662. You had followed a strict vegetarian diet until turn 2662. You used a wielded weapon 132 times, starting on turn 128. You did not apply a unicorn horn. You read items or engraved 21 times, starting on turn 293. You never genocided any monsters. You never polymorphed an object. You never changed form. You used no wishes. You never split a pudding. You wrote Elbereth's name 4 times, starting on turn 896. You violated your moral code, losing 3 points of alignment, starting on turn 8677. Dungeon overview: The Dungeons of Doom: levels 1 to 13 Level 1 a fountain a long staircase Level 2 an altar to Mercury stairs to The Gnomish Mines Level 3 a general store Level 4 some fountains Level 5 a general store Level 6 a fountain Level 7 a throne Level 8 Level 9 many fountains Level 10 an altar to Mars, a sink stairs to Sokoban Level 11 Level 12 <- You were here a fountain Level 13 The Gnomish Mines: levels 3 to 6 Level 3 stairs to The Dungeons of Doom Level 4 Level 5 Level 6 some shops, a temple to Mercury, a magic chest, some fountains Sokoban: levels 8 to 9 Level 8 Level 9 a magic chest stairs to The Dungeons of Doom History has recorded: On T:1 you entered the Dungeons of Doom to retrieve the Amulet of Yendor! On T:320 you reached level 2 of The Dungeons of Doom. On T:802 you advanced to experience level 2. On T:820 you reached level 3 of The Dungeons of Doom. On T:1103 you reached level 4 of The Dungeons of Doom. On T:1256 you advanced to experience level 3. On T:1530 you reached level 5 of The Dungeons of Doom. On T:2322 you reached level 6 of The Dungeons of Doom. On T:2365 you advanced to experience level 4. On T:2657 you reached level 7 of The Dungeons of Doom. On T:2859 you advanced to experience level 5. On T:3423 you reached level 9 of The Dungeons of Doom. On T:3454 you advanced to experience level 6. On T:4785 you reached level 1 of The Gnomish Mines. On T:5116 you reached level 2 of The Gnomish Mines. On T:5130 you advanced to experience level 7. On T:5354 you reached level 3 of The Gnomish Mines. On T:5886 you reached level 4 of The Gnomish Mines. On T:5942 you entered the Minetown temple On T:6320 you opened a magic chest. On T:6321 you opened a magic chest. On T:6321 you opened a magic chest. On T:7232 you advanced to experience level 8. On T:7981 you received advice from The Oracle. On T:7981 you advanced to experience level 9. On T:8177 you reached level 10 of The Dungeons of Doom. On T:8377 you reached level 4 of Sokoban. On T:8763 you opened a magic chest. On T:9342 you reached level 3 of Sokoban. On T:10431 you opened a magic chest. On T:10892 you reached level 11 of The Dungeons of Doom. On T:11311 you reached level 12 of The Dungeons of Doom. On T:12119 you reached level 13 of The Dungeons of Doom. On T:12408 you advanced to experience level 10. Score breakdown: Gold: 2560 ( 256 points) Experience: 10 levels ( 900 points) Exploration: 13 levels ( 360 points) Discoveries: 22 items ( 1100 points) Variety of kills: 95 monsters ( 2000 points) Major goal: reached Minetown ( 500 points) Survival: died (score multiplied by 3) Total score: 15348 Latest messages: The 1st arrow hits the troll! The 2nd arrow hits it. You kill the troll! You see here 4 uncursed arrows. You have a little trouble lifting O - 4 uncursed arrows (in quiver). There are several objects here. Blecch! Rotten food! Everything suddenly goes dark. You stop eating. You try to feel what is lying here on the ground. You feel here 2 uncursed arrows. The troll misses. (3x) You hit the dwarf king. The troll claws you! (2x) The troll bites! The troll claws you! (2x) The troll bites! You can see again. The troll claws you! (2x) The troll bites! The troll claws you! (2x) The troll misses. The troll claws you! (2x) The troll bites! You die... Final status: Goodbye amy the Ranger, killed by a troll... You died in The Dungeons of Doom on dungeon level 12 with 15348 points, and 2560 pieces of gold, after 15944 moves. You were level 10 with a maximum of 70 hit points when you died.